|
||||||||||||||||||||||||||||||||||||||||||||||||||||||||||||||||||||||||||||||||||||||||||||||||||||||||||||||||||||||||||||||||||||||||||||||||||||||||||||||||||||||||||||||||||||||||||||||||||||||||||||
| ||||||||||||||||||||||||||||||||||||||||||||||||||||||||||||||||||||||||||||||||||||||||||||||||||||||||||||||||||||||||||||||||||||||||||||||||||||||||||||||||||||||||||||||||||||||||||||||||||||||||||||
| Bottom of the 7th over - 0 runs, 0 hits, 0 errors, 0 left on base; Boston (APP) 2 - Bluefield 1 | ||||||||||||||||||||||||||||||||||||||||||||||||||||||||||||||||||||||||||||||||||||||||||||||||||||||||||||||||||||||||||||||||||||||||||||||||||||||||||||||||||||||||||||||||||||||||||||||||||||||||||||
| TOP OF THE 8TH | |
|---|---|
| Boston (APP) Red Sox batting - Pitching for Bluefield Blue Jays : RHP Josh Long | |
| Now at 3B: Hanley Hernandez | |
| Now in RF: Edwin Esparza | |
| Batting: LHB Kenny Jackson |
0-0: Called Strike 0-1: Ball 1-1: Swinging Strike 1-2: Ball 2-2: Strikes out swinging |
| Batting: RHB Felix Rangel |
0-0: Swinging Strike 0-1: Ball 1-1: Called Strike 1-2: Foul Ball, location: 2F 1-2: Strikes out swinging |
| Batting: RHB Eric Kent |
0-0: Ball 1-0: Foul Ball, location: 2F 1-1: Foul Ball, location: 2F 1-2: Ground out 3-1 (Groundball, 34, EV 102.5 MPH) |
| Top of the 8th over - 0 runs, 0 hits, 0 errors, 0 left on base; Boston (APP) 2 - Bluefield 1 | |
| BOTTOM OF THE 8TH | |
|---|---|
| Bluefield Blue Jays batting - Pitching for Boston (APP) Red Sox : RHP Steve Seaman | |
| Batting: LHB Jessie Stewart |
0-0: Ball 1-0: Foul Ball, location: 2F 1-1: Swinging Strike 1-2: SOLO HOME RUN (Flyball, 9LD, EV 93.1 MPH), Distance : 344 ft |
| Pitching: RHP Wayne Whimster | |
| Batting: SHB Toby Patenaude |
0-0: Ball 1-0: Called Strike 1-1: Ball 2-1: Fly out, F7 (Line Drive, 7LM, EV 98.8 MPH) |
| Batting: RHB Brandon Williams |
0-0: Called Strike 0-1: Ball 1-1: Ball 2-1: Foul Ball, location: 2F 2-2: Ball 3-2: Fly out, F8 (Flyball, 78M, EV 87.5 MPH) |
| Batting: RHB Cedric Nicholls |
0-0: Foul Ball, location: 2F 0-1: Ground out U3 (Groundball, 34, EV 91.9 MPH) |
| Bottom of the 8th over - 1 run, 1 hit, 0 errors, 0 left on base; Boston (APP) 2 - Bluefield 2 | |
| TOP OF THE 9TH | |
|---|---|
| Boston (APP) Red Sox batting - Pitching for Bluefield Blue Jays : RHP Josh Long | |
| Batting: SHB Arihito Hiramoto |
0-0: Called Strike 0-1: Foul Ball, location: 2F 0-2: Ball 1-2: Ball 2-2: Strikes out swinging |
| Batting: RHB Estevan Carrillo | 0-0: Fly out, F9 (Flyball, 9S, EV 80.6 MPH) |
| Pinch Hitting: SHB Jose Santiago |
0-0: Called Strike 0-1: Foul Ball, location: 2F 0-2: Ball 1-2: Fly out, F8 (Flyball, 78M, EV 93.1 MPH) |
| Top of the 9th over - 0 runs, 0 hits, 0 errors, 0 left on base; Boston (APP) 2 - Bluefield 2 | |
| BOTTOM OF THE 9TH | |
|---|---|
| Bluefield Blue Jays batting - Pitching for Boston (APP) Red Sox : RHP Wayne Whimster | |
| Pitching: RHP Jose Duran | |
| Now at C: Vladmiri Nugaibekov | |
| Batting: RHB Benedikt Fleischmann | 0-0: Ground out 1-3 (Groundball, P, EV 65.0 MPH) |
| Batting: RHB Tom Bergman |
0-0: Ball 1-0: Ball 2-0: Ground out 6-3 (Groundball, 56, EV 85.6 MPH) |
| Batting: LHB Edwin Esparza |
0-0: Called Strike 0-1: Ball 1-1: Ball 2-1: Foul Ball, location: 2F 2-2: Ball 3-2: Base on Balls |
| Batting: RHB Hanley Hernandez |
0-0: Ball 1-0: Foul Ball, location: 2F 1-1: Swinging Strike 1-2: Strikes out swinging |
| Bottom of the 9th over - 0 runs, 0 hits, 0 errors, 1 left on base; Boston (APP) 2 - Bluefield 2 | |
| TOP OF THE 10TH | |
|---|---|
| Boston (APP) Red Sox batting - Pitching for Bluefield Blue Jays : RHP Josh Long | |
| Pitching: RHP Chris Mansfield | |
| Batting: RHB Luis Nino |
0-0: Ball 1-0: Swinging Strike 1-1: Ball 2-1: Called Strike 2-2: Strikes out swinging |
| Batting: RHB Kirk Cully |
0-0: Ball 1-0: DOUBLE (Flyball, 89XD, EV 114.4 MPH) |
| Batting: RHB Bob Reichley | 0-0: Intentional Walk |
| Batting: LHB Kenny Jackson |
0-0: Swinging Strike 0-1: Foul Ball, location: 2F 0-2: Foul Ball, location: 2F 0-2: Strikes out looking |
| Batting: RHB Felix Rangel |
0-0: Called Strike 0-1: Called Strike 0-2: Ball 1-2: Ball Wild Pitch! Kirk Cully to third Bob Reichley to second 2-2: Foul Ball, location: 2F 2-2: Strikes out swinging |
| Top of the 10th over - 0 runs, 1 hit, 0 errors, 2 left on base; Boston (APP) 2 - Bluefield 2 | |
| BOTTOM OF THE 10TH | |
|---|---|
| Bluefield Blue Jays batting - Pitching for Boston (APP) Red Sox : RHP Jose Duran | |
| Batting: RHB Lewis O'Connell | 0-0: Ground out 5-3 (Groundball, 56, EV 88.8 MPH) |
| Batting: LHB Jessie Stewart |
0-0: Ball 1-0: Foul Ball, location: 2F 1-1: Ground out 6-3 (Groundball, 6, EV 110.0 MPH) |
| Batting: SHB Toby Patenaude |
0-0: Ball 1-0: Fly out, F9 (Flyball, 9, EV 91.2 MPH) |
| Bottom of the 10th over - 0 runs, 0 hits, 0 errors, 0 left on base; Boston (APP) 2 - Bluefield 2 | |
| TOP OF THE 11TH | |
|---|---|
| Boston (APP) Red Sox batting - Pitching for Bluefield Blue Jays : RHP Chris Mansfield | |
| Batting: RHB Eric Kent |
0-0: Ball 1-0: Foul Ball, location: 2F 1-1: Ball 2-1: Foul Ball, location: 2F 2-2: Ball 3-2: Strikes out looking |
| Batting: SHB Arihito Hiramoto |
0-0: Called Strike 0-1: Ball 1-1: Ball 2-1: Ground out 4-3 (Groundball, 4, EV 101.2 MPH) |
| Batting: RHB Estevan Carrillo |
0-0: Ball 1-0: Ground out 6-3 (Groundball, 6, EV 82.5 MPH) |
| Top of the 11th over - 0 runs, 0 hits, 0 errors, 0 left on base; Boston (APP) 2 - Bluefield 2 | |
| BOTTOM OF THE 11TH | |
|---|---|
| Bluefield Blue Jays batting - Pitching for Boston (APP) Red Sox : RHP Jose Duran | |
| Batting: RHB Brandon Williams |
0-0: Ball 1-0: Ball 2-0: Called Strike 2-1: Ball 3-1: Called Strike 3-2: SINGLE (Groundball, 56D, EV 98.8 MPH) |
| Batting: RHB Cedric Nicholls |
0-0: Foul Ball, location: 2F 0-1: Ball 1-1: Swinging Strike 1-2: Strikes out swinging |
| Batting: RHB Benedikt Fleischmann |
0-0: Called Strike Pickoff Throw to First - Error! E1 Brandon Williams to second 0-1: Ball 1-1: Ball 2-1: Foul Ball, location: 2F 2-2: Foul Ball, location: 2F 2-2: Ball 3-2: Base on Balls |
| Batting: RHB Tom Bergman |
0-0: Called Strike 0-1: Ball 1-1: Swinging Strike 1-2: Ball 2-2: Strikes out looking |
| Batting: LHB Edwin Esparza |
0-0: Foul Ball, location: 2F 0-1: Swinging Strike 0-2: Foul Ball, location: 2F 0-2: Ball Wild Pitch! Brandon Williams to third Benedikt Fleischmann to second 1-2: Foul Ball, location: 2F 1-2: Foul Ball, location: 2F 1-2: Reached on error, E3 (Groundball, 34, EV 104.4 MPH) Brandon Williams scores |
| Bottom of the 11th over - 1 run, 1 hit, 2 errors, 2 left on base; Boston (APP) 2 - Bluefield 3 | |

| Sunday, July 16th , 2023 - OOTP Baseball 24.6 Build 69 |